 Dungeon Crawl Stone Soup version 0.27.1-2-g3b301248ec (webtiles) character file.

Game seed: 13272285335742207090

619 CuBeRJAN3 the Magician (level 7, -2/40 HPs)
             Began as a Deep Elf Fire Elementalist on Oct 4, 2021.
             Killed from afar by a white imp (6 damage)
             ... with a puff of frost
             ... on level 4 of the Dungeon.
             The game lasted 00:23:15 (5531 turns).

CuBeRJAN3 the Magician (Deep Elf Fire Elementalist) Turns: 5531, Time: 00:23:16

Health: -2/40      AC:  4    Str: 11    XL:     7   Next: 21%
Magic:  12/18      EV: 13    Int: 17    God:
Gold:   171        SH:  5    Dex: 20    Spells: 5/18 levels left

rFire    . . .     SeeInvis .   d - +2 dagger (venom)
rCold    . . .     Faith    .   (no shield)
rNeg     . . .     Spirit   .   x - +2 robe of Absence {Regen+ Int-5 Dex+5}
rPois    .         Reflect  +   (no helmet)
rElec    .         Harm     .   (no cloak)
rCorr    .         Rampage  .   (no gloves)
Will     .....                  (no boots)
Stlth    +++.......             q - amulet of reflection
HPRegen  1.13/turn              r - +6 ring of strength
MPRegen  0.16/turn              (no ring)

@: no status effects
A: no striking features
a: no special abilities


You were on level 4 of the Dungeon.
You visited 1 branch of the dungeon, and saw 5 of its levels.

You collected 171 gold pieces.

Inventory:

Hand Weapons
 c - a +0 dagger
 d - a +2 dagger of venom (weapon)
 h - a +2 dagger of electrocution
Armour
 a - a +0 robe
 b - a +0 leather armour
 x - the +2 robe of Absence (worn) {Regen+ Int-5 Dex+5}
   (You found it on level 5 of the Dungeon)

   Int:       It affects your intelligence (-5).
   Dex:       It affects your dexterity (+5).
   Regen:     It increases your rate of health regeneration.
Jewellery
 q - an amulet of reflection (around neck)
 r - a +6 ring of strength (left hand)
 u - an amulet of the acrobat
Wands
 k - a wand of flame (38)
Scrolls
 g - 2 scrolls of blinking {unknown}
 i - a scroll of amnesia {unknown}
 j - a scroll of teleportation {unknown}
 l - a scroll of identify {unknown}
 n - a scroll of fog {unknown}
 t - a scroll of enchant weapon {unknown}
 w - a scroll of vulnerability {unknown}
Potions
 e - a potion of degeneration {unknown}
 f - a potion of berserk rage {unknown}
 m - a potion of heal wounds {unknown}
 o - a potion of brilliance {unknown}
 p - a potion of mutation {unknown}
 s - 2 potions of lignification {unknown}
 v - a potion of might {unknown}
 z - a potion of haste {unknown}


   Skills:
 * Level 2.5 Fighting
 - Level 2.4 Dodging
 + Level 4.4 Stealth
 * Level 6.1 Spellcasting
 + Level 3.1 Conjurations
 * Level 3.4 Hexes
 + Level 4.4 Fire Magic


You had 5 spell levels left.
You knew the following spells:

 Your Spells              Type           Power      Damage    Failure   Level
a - Foxfire               Conj/Fire      72%        2x1d7     2%          1
b - Conjure Flame         Conj/Fire      18%        6-21      9%          3
c - Sticky Flame          Conj/Fire      18%        2d4       26%         4
d - Inner Flame           Hex/Fire       18%        N/A       8%          3
e - Slow                  Hex            16%        N/A       4%          2

Your spell library contained the following spells:

 Spells                   Type           Power      Damage    Failure   Level
 Confusing Touch          Hex            16%        N/A       10%         3
 Vampiric Draining        Necr           2%         2d6       36%         3
 Fireball                 Conj/Fire      9%         3d6       58%         5
 Yara's Violent Unravell  Hex/Tmut       5%         3d4       87%         5


Dungeon Overview and Level Annotations

Branches:
Dungeon (5/15)
 Temple: D:4-7

Altars:
Ashenzari
Kikubaaqudgha
Uskayaw

Annotations:
D:5 Grinder


Message History

The foxfire hits the white imp but does no damage.
The white imp is severely wounded.
You block the white imp's attack.
Casting: Foxfire (safe; 2% risk of failure)
Press: ? - help, Q - select action, (/) - cycle Dir - look around, f - activate You conjure some foxfire!
The white imp gestures at you. The puff of frost hits you.
The foxfire hits the white imp but does no damage.
The white imp is severely wounded.
The white imp closely misses you.
Casting: Foxfire (safe; 2% risk of failure)
Press: ? - help, Q - select action, (/) - cycle Dir - look around, f - activate You conjure some foxfire!
The white imp hits you but does no damage.
The foxfire hits the white imp but does no damage.
The white imp is severely wounded.
The white imp spits at you. The white imp gestures at you.
The puff of frost hits you.
You hit the white imp but do no damage.
The white imp is severely wounded.
The white imp gestures at you. The puff of frost hits you!
* * * LOW HITPOINT WARNING * * *
Your foxfire dissipates!
The white imp gestures at you. The puff of frost hits you.
* * * LOW HITPOINT WARNING * * *
The white imp lashes its tail.
Casting: Foxfire (safe; 2% risk of failure)
Confirm with . or Enter, or press ? or * to list all spells.
The fire begins to smoulder!
The white imp smothers the flame.
The white imp gestures at you. The puff of frost hits you!
* * * LOW HITPOINT WARNING * * *
The white imp gestures at you. The puff of frost hits you.
You die...

############## #.#
........# #.##
###...#.##############..#
......................>.#
##......#...#...........#
#......#.#.#.#########.#
#......#.#...# #.#
#......#.#############.#
#......#.#<#...@..5....#
###.....#.#.#.###########
..'.....#.#.#.#
###....##.#.#.#
..'....##.#.#.#
###....##.#.#.#
....[.......#.#
.#####.##.###.#
..........# #.#


You could see a white imp.

Vanquished Creatures
  A black bear (D:4)
  A necrophage (D:4)
  A phantom (D:4)
  A scorpion (D:4)
  Natasha (thrice) (D:3)
  3 orc wizards
  A hound skeleton (D:4)
  A howler monkey skeleton (D:5)
  4 adders
  2 white imps
  2 adder skeletons
  4 dart slugs (D:1)
  8 orcs
  8 ball pythons
  6 bats
  7 endoplasms
  5 giant cockroaches
  4 hobgoblins
  6 jackals
  3 kobolds
  3 quokkas
  3 frilled lizards
  9 goblins
  5 rats
  A spectral hobgoblin (D:1)
92 creatures vanquished.

Vanquished Creatures (others)
  260 foxfires
260 creatures vanquished.

Grand Total: 352 creatures vanquished

Notes
Turn   | Place    | Note
-------+----------+-------------------------------------------
     0 | D:1      | CuBeRJAN3 the Deep Elf Fire Elementalist began the quest
                  | for the Orb.
     0 | D:1      | Reached XP level 1. HP: 10/10 MP: 6/6
   179 | D:1      | Reached XP level 2. HP: 15/15 MP: 2/8
   668 | D:1      | Reached XP level 3. HP: 20/20 MP: 6/10
  1296 | D:1      | Reached skill level 4 in Spellcasting
  1313 | D:1      | Learned a level 3 spell: Conjure Flame
  1426 | D:1      | Found a faded altar of an unknown god.
  1624 | D:2      | Reached skill level 1 in Fighting
  1740 | D:2      | Reached XP level 4. HP: 25/25 MP: 10/12
  2642 | D:3      | Learned a level 4 spell: Sticky Flame
  2647 | D:3      | Learned a level 3 spell: Inner Flame
  2647 | D:3      | Found a broken altar of Ashenzari.
  2854 | D:3      | Noticed Natasha
  2864 | D:3      | Killed Natasha
  3156 | D:3      | Noticed Natasha
  3160 | D:3      | Killed Natasha
  3161 | D:3      | Reached XP level 5. HP: 29/29 MP: 9/14
  3271 | D:3      | Learned a level 2 spell: Slow
  3508 | D:3      | Noticed Natasha
  3512 | D:3      | Killed Natasha
  3513 | D:3      | Reached skill level 5 in Spellcasting
  3666 | D:4      | Noticed a phantom
  3666 | D:4      | Noticed a necrophage
  3666 | D:4      | Noticed a black bear
  3827 | D:4      | Reached skill level 1 in Hexes
  4237 | D:4      | Reached XP level 6. HP: 34/35 MP: 16/16
  4380 | D:5      | Entered Level 5 of the Dungeon
  4564 | D:5      | Noticed a +0 short sword
  4564 | D:5      | Noticed a +0 short sword
  4564 | D:5      | Noticed a +0 dagger
  4564 | D:5      | Noticed a +0 falchion
  4565 | D:5      | Noticed a +0 spear
  4565 | D:5      | Noticed a +0 falchion
  4566 | D:5      | Noticed a +0 dagger
  4566 | D:5      | Noticed a +0 spear
  4571 | D:5      | Found a hide-covered altar of Uskayaw.
  4808 | D:5      | Noticed Grinder
  5090 | D:5      | Found an ancient bone altar of Kikubaaqudgha.
  5111 | D:5      | Identified the +2 robe of Absence {Regen+ Int-5 Dex+5}
  5367 | D:4      | Reached skill level 6 in Spellcasting
  5367 | D:4      | Reached XP level 7. HP: 40/40 MP: 12/18
  5531 | D:4      | Killed from afar by a white imp

Illustrated notes

Levels and vault maps discovered:
D:1:      dpeg_arrival_arbitrary_b, layout_basic,
          dreamdust_ecumenical_altar_drowned_temple, minmay_misc_feat_encased,
          hangedman_decor_opposing, minivault_19
D:2:      layout_basic
D:3:      layout_loops_cross, nicolae_ashenzari_panopticon, st_stairs_8,
          uniq_natasha
D:4:      layout_basic
D:5:      layout_loops_ring, mainiacjoe_overflow_six_doors_small,
          nicolae_uskayaw_en_pointe, uniq_grinder

Skill      XL: |  1  2  3  4  5  6 |
---------------+-------------------+-----
Stealth        | 3 4 |  4.4
Spellcasting   | 4 5 6 |  6.1
Fighting       | 1 2 |  2.5
Conjurations   | 2 3 |  3.1
Hexes          | 2 3 |  3.4
Fire Magic     | 4 |  4.4
Dodging        | |  2.4

Action                   |  1- 3 |  4- 6 |  7- 9 || total
-------------------------+-------+-------+-------++-------
Melee: Dagger            |    10 |    34 |    10 ||    54
 Cast: Foxfire           |    71 |    87 |    13 ||   171
       Conjure Flame     |       |     5 |     1 ||     6
       Inner Flame       |       |     1 |       ||     1
 Stab: Sleeping          |     1 |     5 |       ||     6
Armor: Robe              |    11 |     5 |     7 ||    23
Dodge: Dodged            |    13 |    16 |     4 ||    33
Block: Other             |       |     7 |     2 ||     9
